 Dungeon Crawl Stone Soup version 0.16-a0-1794-gf7beed7 (webtiles) character file.

6057 timbw the Basher (level 10, -43/85 HPs)
             Began as a Troll Hunter on Nov 3, 2014.
             Was an Elder of Okawaru.
             Annihilated by Rupert
             ... wielding a +3 great sword of electrocution
              (50 damage)
             ... on level 3 of the Lair of Beasts.
             The game lasted 00:18:18 (2998 turns).

timbw the Basher (Troll Hunter)                     Turns: 2998, Time: 00:18:18

Health: -43/85     AC:  6    Str: 22    XL:     10   Next: 57%
Magic:  4/4        EV: 14    Int:  7    God:    Okawaru [****..]
Gold:   478        SH:  0    Dex: 17    Spells: 0 memorised, 9 levels left

rFire  . . .     SeeInvis .     C - +0 giant club
rCold  . . .     Clarity  .     d - +1 animal skin
rNeg   . . .     SustAb   .     (shield restricted)
rPois  .         Gourm    +     (helmet restricted)
rElec  .         Spirit   .     (no cloak)
rCorr  .         Warding  .     (gloves unavailable)
rMut   .         Stasis   .     (boots unavailable)
MR     .....                    s - amulet of rage
Stlth  +++.......               G - +4 ring of dexterity
                                r - ring of flight

@: about to teleport, heroism, not resistant to hostile enchantments, fairly
stealthy
A: unfitting armour, claws 3, fast metabolism 3, gourmand, regeneration 2,
shaggy fur 1, tough skin 2
a: Heroism, Renounce Religion, Evoke Berserk Rage, Evoke Flight


You were on level 3 of the Lair of Beasts.
You worshipped Okawaru.
Okawaru was greatly pleased with you.
You were completely stuffed.

You visited 3 branches of the dungeon, and saw 14 of its levels.
You also visited: Sewer.

You collected 478 gold pieces.

Inventory:

Hand weapons
 g - a +0 club
 h - a +0 mace
 i - a +0 flail
 C - a +0 giant club (weapon)
Missiles
 b - 4 large rocks (quivered)
 c - 2 throwing nets
 q - 3 javelins
 E - 7 poisoned tomahawks
Armour
 d - a +1 animal skin (worn)
Jewellery
 e - an uncursed amulet of resist mutation
 r - a ring of flight (left claw)
 s - an amulet of rage (around neck)
 F - an uncursed ring of fire
 G - a +4 ring of dexterity (right claw)
Magical devices
 t - a wand of random effects (33)
 w - a wand of lightning (6)
 B - a wand of frost (18)
 I - a wand of enslavement (11)
Scrolls
 k - a scroll of identify
 l - 3 scrolls of teleportation
Potions
 f - 3 potions of agility {unknown}
 j - a potion of restore abilities {unknown}
 m - 4 potions of flight
 o - 4 potions of resistance
 p - a potion of cancellation {unknown}
 u - a potion of poison {unknown}
 v - 2 potions of might {unknown}
 A - 2 potions of confusion {unknown}
Books
 x - Kikubaaqudgha's Volume of Black Secrets
   (You found it on level 5 of the Dungeon)

   Spells                             Type                      Level
   Pain                               Necromancy                   1
 y - Vehumet's Incunabulum of Confrontation
   (You found it on level 5 of the Dungeon)

   Spells                             Type                      Level
   Magic Dart                         Conjuration                  1
 z - Sif Muna's Reference Book on Attacks
   (You found it on level 5 of the Dungeon)

   Spells                             Type                      Level
   Magic Dart                         Conjuration                  1
 D - a book of Burglary

   Spells                             Type                      Level
   Swiftness                          Charms/Air                   2
   Passwall                           Transmutation/Earth          3
   Passage of Golubria                Translocation                4
   Lee's Rapid Deconstruction         Earth                        5
   Invisibility                       Hexes                        6
   Darkness                           Hexes                        7
Comestibles
 a - 4 meat rations
 n - 2 royal jellies
 H - 2 chunks of flesh


   Skills:
 - Level 1.5(6.5) Fighting
 + Level 14.0(19.0) Maces & Flails
 - Level 3.6(8.6) Throwing
 - Level 1.7(6.7) Dodging
 - Level 0.4(5.4) Stealth


You had 9 spell levels left.
You didn't know any spells.

Dungeon Overview and Level Annotations

Branches:
Dungeon (10/15)               Orc (1/4) D:9            Lair (3/8) D:8
 Temple: D:4-7        Swamp: Lair:3-6    Shoals: Lair:3-6     Snake: Lair:3-6
 Spider: Lair:3-6

Altars:
Cheibriados
Gozag
Kikubaaqudgha
Nemelex Xobeh
Okawaru
Sif Muna
Vehumet
Yredelemnul

Annotations:
Lair:3 Rupert


Innate Abilities, Weirdness & Mutations

You are too large for most types of armour.
You have claws for hands.
Your metabolism is lightning-fast.
You like to eat raw meat.
You heal very quickly.
You are covered in fur (AC +1).
You have very tough skin (AC +2).


Message History

Rupert yells loudly at you.
You suddenly lose the ability to move!
Rupert roars madly and goes into a rage!
Rupert goes berserk!
Rupert rages.
Rupert hits you with a runed great sword!!
* * * LOW HITPOINT WARNING * * *
You are electrocuted!
* * * LOW HITPOINT WARNING * * *
You can move again.
Read which item? (? for menu, Esc to quit)
Okay, then.
Drink which item? (? for menu, Esc to quit)
Okay, then.
Read which item? (? for menu, Esc to quit)
As you read the scroll of teleportation, it crumbles to dust.
You feel strangely unstable.
Rupert hits you with a great sword of electrocution!!!
Ouch! That really hurt!
You die...

.. .. ....<...... #..
.............. ##..# ##.
........##..
#.....###.##........##..
#..........###P.....#...
............##.P....##...
.........................
$........................
#........@................
#.......@............##...
#.P...........##......##..
#PPP...............##.#.#.
##..........#.##..#.......
............###..#.......
...........## ...........
.................##......
..........$...... ....


You could see Rupert (berserk).

Vanquished Creatures
  2 hill giants (D:10)
  3 spiny frogs (Lair:3)
  A polar bear (Lair:2)
  A deep elf fighter (D:8)
  A hippogriff (Lair:1)
  2 water moccasins (Lair:3)
  6 wolves (Lair:1)
  2 porcupines
  A black bear (Lair:2)
  2 sky beasts
  3 ice beasts (D:8)
  Duvessa (D:4)
  6 crocodiles
  2 giant frogs
  3 killer bees (D:9)
  A wight (D:7)
  Dowan (D:4)
  An orc priest (D:3)
  A giant frog zombie (D:7)
  2 crimson imps
  3 hounds
  4 worker ants
  3 orc wizards
  An iguana (Lair:3)
  A siren (Sewer)
  An ogre zombie (D:5)
  22 sheep
  A mummy (D:8)
  2 green rats
  9 adders
  A giant mite (D:3)
  An adder skeleton (D:4)
  2 giant geckos (Sewer)
  2 oozes
  34 orcs
  3 giant cockroaches
  5 hobgoblins
  3 jackals (D:3)
  2 quokkas
  A ball python (Sewer)
  12 bats
  2 giant newts
  5 goblins
  5 kobolds
  31 rats
  A fungus (D:8)
199 creatures vanquished.

Vanquished Creatures (others)
  4 fungi (D:8)
  A plant (D:8)
5 creatures vanquished.

Grand Total: 204 creatures vanquished

Notes
Turn   | Place    | Note
--------------------------------------------------------------
     0 | D:1      | timbw, the Troll Hunter, began the quest for the Orb.
     0 | D:1      | Reached XP level 1. HP: 19/19 MP: 1/1
   136 | D:2      | Reached skill level 1 in Maces & Flails
   136 | D:2      | Reached XP level 2. HP: 27/27 MP: 1/1
   221 | D:3      | Reached XP level 3. HP: 24/33 MP: 2/2
   240 | D:3      | Reached XP level 4. HP: 36/41 MP: 2/2
   370 | D:3      | Found a glowing drain.
   410 | Sewer    | Entered a sewer
   513 | Sewer    | Reached skill level 4 in Maces & Flails
   525 | Sewer    | Reached XP level 5. HP: 10/48 MP: 2/2
   795 | D:4      | Noticed Duvessa
   797 | D:4      | Noticed Dowan
   835 | D:4      | Killed Duvessa
   835 | D:4      | Reached skill level 5 in Maces & Flails
   843 | D:4      | Killed Dowan
   843 | D:4      | Reached XP level 6. HP: 42/55 MP: 3/3
   930 | D:4      | Found a sparkling altar of Nemelex Xobeh.
   933 | D:4      | Found a basalt altar of Yredelemnul.
   936 | D:4      | Found an iron altar of Okawaru.
   937 | D:4      | Found an opulent altar of Gozag.
   939 | D:4      | Found a snail-covered altar of Cheibriados.
   945 | D:4      | Became a worshipper of Warmaster Okawaru
  1009 | D:5      | Entered Level 5 of the Dungeon
  1180 | D:5      | Reached skill level 6 in Maces & Flails
  1242 | D:5      | Found an ancient bone altar of Kikubaaqudgha.
  1246 | D:5      | Identified Kikubaaqudgha's Volume of Black Secrets
  1250 | D:5      | Found a radiant altar of Vehumet.
  1254 | D:5      | Identified Vehumet's Incunabulum of Confrontation
  1258 | D:5      | Found a deep blue altar of Sif Muna.
  1262 | D:5      | Identified Sif Muna's Reference Book on Attacks
  1335 | D:7      | Reached XP level 7. HP: 20/62 MP: 3/3
  1514 | D:8      | Reached skill level 7 in Maces & Flails
  1610 | D:8      | Acquired Okawaru's first power
  1610 | D:8      | Reached skill level 8 in Maces & Flails
  1663 | D:8      | Reached XP level 8. HP: 70/70 MP: 1/3
  1804 | D:9      | Reached skill level 9 in Maces & Flails
  1846 | D:9      | Found a staircase to the Orcish Mines.
  1943 | Orc:1    | Entered Level 1 of the Orcish Mines
  2215 | D:10     | Entered Level 10 of the Dungeon
  2223 | D:10     | Noticed a hill giant
  2224 | D:10     | Noticed a hill giant
  2236 | D:10     | Killed a hill giant
  2236 | D:10     | Reached skill level 10 in Maces & Flails
  2236 | D:10     | Reached XP level 9. HP: 76/76 MP: 1/4
  2242 | D:10     | Killed a hill giant
  2242 | D:10     | Reached skill level 11 in Maces & Flails
  2311 | D:8      | Found a staircase to the Lair.
  2311 | D:8      | Noticed a deep elf fighter
  2316 | D:8      | Killed a deep elf fighter
  2321 | Lair:1   | Entered Level 1 of the Lair of Beasts
  2386 | Lair:1   | Reached skill level 12 in Maces & Flails
  2482 | Lair:1   | Reached XP level 10. HP: 82/85 MP: 3/4
  2622 | Lair:2   | Reached skill level 13 in Maces & Flails
  2626 | Lair:2   | Received a gift from Okawaru
  2974 | Lair:3   | Reached skill level 14 in Maces & Flails
  2986 | Lair:3   | Noticed Rupert
  2992 | Lair:3   | Paralysed by Rupert for 6 turns
  2998 | Lair:3   | Annihilated by Rupert

Action                   |  1- 3 |  4- 6 |  7- 9 | 10-12 || total
-------------------------+-------+-------+-------+-------++-------
Melee: Unarmed           |    42 |   205 |       |       ||   247
       Flail             |       |    24 |   206 |       ||   230
       Giant club        |       |       |    53 |    82 ||   135
Throw: Large rock        |     2 |     9 |    13 |     5 ||    29
       Throwing net      |       |       |     3 |       ||     3
Invok: Heroism           |       |       |     9 |     6 ||    15
 Abil: Evoke Berserk Rag |       |       |     5 |       ||     5
  Use: Scroll            |       |       |     4 |     3 ||     7
 Stab: Sleeping          |     1 |     1 |       |       ||     2
       Held in net/web   |       |       |     1 |       ||     1
       Distracted        |       |       |       |     1 ||     1
  Eat: Chunk             |       |    10 |     9 |    13 ||    32
       Meat ration       |       |       |     1 |       ||     1
       Beef jerky        |       |       |       |     1 ||     1
